 Dungeon Crawl Stone Soup version 0.20-a0-910-gb611367 (webtiles) character file.

287 Denreik the Covered (level 6, 0/47 HPs)
             Began as a Formicid Chaos Knight on Mar 22, 2017.
             Killed from afar by an orc wizard (11 damage)
             ... with a puff of frost
             ... on level 4 of the Dungeon.
             The game lasted 00:05:11 (2145 turns).

Denreik the Covered (Formicid Chaos Knight)         Turns: 2145, Time: 00:05:11

Health: 0/47       AC:  5    Str: 16    XL:     6   Next: 56%
Magic:  6/6        EV: 11    Int: 12    God:    Xom [.....*]
Gold:   62         SH:  0    Dex: 15    Spells: 5/5 levels left

rFire    x . .     SeeInvis +   a - +0 spear (chaos)
rCold    . . .     Gourm    .   b - +2 leather armour
rNeg     . . .     Faith    .   (no shield)
rPois    +         Spirit   .   (helmet unavailable)
rElec    .         Reflect  .   (no cloak)
rCorr    .         Harm     .   (no gloves)
MR       .....                  (no boots)
Stlth    +.........             (no amulet)
Regen    0.2/turn               (no ring)
MPRegen  0.1/turn               e - ring "Cosutum" {rPois rF- Dex+3 SInv}

@: no status effects
A: permanent stasis, dig shafts and tunnels, four strong arms, antennae 3,
blurry vision 2, deterioration 1, screaming 2
a: Dig, Shaft Self, Renounce Religion


You were on level 4 of the Dungeon.
You worshipped Xom.
You were Xom's teddy bear.
You were hungry.

You visited 2 branches of the dungeon, and saw 5 of its levels.

You collected 62 gold pieces.

Inventory:

Hand Weapons
 a - a +0 spear of chaos (weapon)
 j - a +1 war axe of electrocution
Missiles
 f - 3 silver tomahawks
 g - 55 stones (quivered)
Armour
 b - a +2 leather armour (worn)
Jewellery
 e - the ring "Cosutum" (left hand) {rPois rF- Dex+3 SInv}
   (Xom gifted it to you on level 2 of the Dungeon)

   [ring of dexterity]

   It affects your dexterity (+3).
   It makes you vulnerable to fire.
   It protects you from poison.
   It lets you see invisible.
Scrolls
 i - a scroll of fear
 k - 2 scrolls of identify
 l - a scroll of noise {unknown}
Potions
 d - a potion of mutation {unknown}
Comestibles
 c - 2 bread rations
 h - a meat ration


   Skills:
 - Level 3.2 Fighting
 - Level 3.0 Polearms
 * Level 7.1 Armour
 - Level 0.8 Dodging


You had 5 spell levels left.
You didn't know any spells.

Dungeon Overview and Level Annotations

Branches:
Dungeon (4/15)             Temple (1/1) D:4

Altars:
Dithmenos
Gozag
Makhleb
Sif Muna
Xom


Innate Abilities, Weirdness & Mutations

You cannot be hasted, slowed, berserked, paralysed or teleported.
You can dig through walls and to a lower floor.
Your four strong arms can wield two-handed weapons with a shield.
You have a pair of large antennae on your head. (SInv)
Scrolls take you longer to read.
Your body sometimes deteriorates upon taking damage.
You sometimes yell uncontrollably at your foes.


Message History

The puff of frost hits you!
The orc wizard gestures wildly while chanting.
The orc wizard flickers and vanishes for a moment.
You barely miss the orc priest.
You hit the orc wizard but do no damage.
The orc wizard is poisoned.
The orc wizard hits you but does no damage.
You miss the orc wizard.
The orc wizard is lightly wounded.
The orc wizard hits you but does no damage.
You completely miss the orc wizard.
The orc wizard is lightly wounded.
The orc wizard casts a spell at you. The magic dart hits you!
* * * LOW HITPOINT WARNING * * *
The orc priest hits you but does no damage.
The orc wizard points at you and mumbles some strange words.
The puff of frost hits you!
You die...
Xom giggles madly!

#.##.##[.......###..........[##.
##.##.........................##.
.............#.#.#...............
##.##.................#######.##.
#...........#.#.#....#######.##.
#.##....................{{{o....
##.##<.......#.#.#....#######.##.
................o................
######......####@#...########.###
######......# #o)...# #.#
............# #.#...# ##.
##...######.# #.#...# . #...# #.#
#.#...# . #...# #.# #.#####
#.))######.####.## #######
#..).......#.....# ######......
#..........#.##..####...)'......


You could see an orc priest and an orc wizard (invisible).

Vanquished Creatures
  An ogre (D:4)
  A hound (D:2)
  2 orc wizards (D:4)
  Natasha (D:2)
  A worker ant (D:4)
  2 adders (D:2)
  3 worms
  2 dart slugs (D:2)
  2 leopard geckos
  6 orcs (D:4)
  2 bats
  A giant cockroach (D:2)
  2 goblins (D:2)
  A hobgoblin (D:1)
  2 jackals (D:4)
  2 quokkas (D:4)
  A frilled lizard (D:4)
  2 kobolds
  4 rats
38 creatures vanquished.

Vanquished Creatures (others)
  A plant (D:2)
1 creature vanquished.

Grand Total: 39 creatures vanquished

Notes
Turn   | Place    | Note
-------+----------+-------------------------------------------
     0 | D:1      | Denreik the Formicid Chaos Knight began the quest for the Orb.
     0 | D:1      | Reached XP level 1. HP: 18/18 MP: 1/1
   125 | D:1      | You fall through a shaft!
   125 | D:2      | Found a burning altar of Makhleb.
   125 | D:2      | Noticed a hound
   140 | D:2      | Killed a hound
   140 | D:2      | Reached skill level 4 in Armour
   140 | D:2      | Reached XP level 2. HP: 11/24 MP: 2/2
   140 | D:2      | Reached XP level 3. HP: 13/29 MP: 3/3
   209 | D:2      | XOM: harmless Tmut miscast
   367 | D:2      | XOM: god gift: vibrating steel ring {god gift}
   448 | D:2      | Got a vibrating steel ring {god gift}
   449 | D:2      | Identified the ring "Cosutum" {rPois rF- Dex+3 SInv} (Xom gifted it to you on level 2 of the Dungeon)
   450 | D:2      | XOM: medium Tloc miscast
   528 | D:2      | XOM: harmless Chrm miscast
   530 | D:2      | Noticed Natasha
   538 | D:2      | Killed Natasha
   538 | D:2      | Reached XP level 4. HP: 29/35 MP: 4/4
   558 | D:2      | Reached skill level 5 in Armour
   560 | D:2      | Found a deep blue altar of Sif Muna.
   698 | D:2      | XOM: give mutations
   698 | D:2      | Gained mutation: You occasionally shout uncontrollably at your foes. [Xom's mischief]
   698 | D:2      | Gained mutation: You sometimes yell uncontrollably at your foes. [Xom's mischief]
   698 | D:2      | Gained mutation: Scrolls take you a little longer to read. [Xom's mischief]
   698 | D:2      | Gained mutation: Scrolls take you longer to read. [Xom's mischief]
   784 | D:2      | Reached XP level 5. HP: 21/41 MP: 5/5
   809 | D:2      | XOM: stat loss: -1 Int (11/12)
   941 | D:2      | You fall through a shaft for 2 floors!
   981 | D:4      | Found a staircase to the Ecumenical Temple.
   988 | Temple   | Entered the Ecumenical Temple
  1390 | D:4      | XOM: give mutations
  1390 | D:4      | Gained mutation: Your body sometimes deteriorates upon taking damage. [Xom's mischief]
  1390 | D:4      | Gained mutation: You frequently scream uncontrollably at your foes. [Xom's mischief]
  1390 | D:4      | Lost mutation: You frequently scream uncontrollably at your foes. [Xom's mischief]
  1426 | D:4      | Reached skill level 6 in Armour
  1506 | D:4      | Noticed an ogre
  1523 | D:4      | Killed an ogre
  1523 | D:4      | Reached XP level 6. HP: 15/47 MP: 6/6
  1756 | D:4      | XOM: cloud trail
  1822 | D:4      | XOM: scenery: create altars
  1848 | D:4      | Noticed an ogre
  2136 | D:4      | Reached skill level 7 in Armour
  2145 | D:4      | Killed from afar by an orc wizard

Vault maps used:
D:1:      dpeg_arrival_chambers_temple_mockup
D:2:      marbit_many_paths, gammafunk_temple_overflow_forgotten,
          makhleb_heckhound_becter, uniq_natasha
D:3:      vehumet_crystals, lemuel_crystal_altar,
          chequers_ecumenical_altar_island
D:4:      temple_green, nicolae_ossuary_entry_giza, serial_glass,
          glass_columns_b, glass_columns_b, serial_shops, shop, uniq_sigmund
Temple:   hc_temple_tempest_star

Skill      XL: |  1  2  3  4  5  6 |
---------------+-------------------+-----
Armour         | 4 5 6 7 |  7.1
Fighting       | |  3.2
Polearms       | |  3.0
Dodging        | |  0.8

Action                   |  1- 3 |  4- 6 || total
-------------------------+-------+-------++-------
Melee: Spear             |    39 |   132 ||   171
       War axe           |       |     8 ||     8
 Abil: Shaft Self        |     1 |     1 ||     2
  Use: Scroll            |       |     2 ||     2
 Stab: Petrified         |       |     6 ||     6
       Paralysed         |       |     1 ||     1
  Eat: Chunk             |       |     4 ||     4
Armor: Leather armour    |    14 |    31 ||    45
Dodge: Dodged            |    15 |    41 ||    56
